Canucks vs Capitals
Created - April 7, 2024 at 22:50
Goals
|
| Canucks |
2 |
0 |
3 |
5 |
| Capitals |
1 |
0 |
2 |
3 |
|
Shots
|
| Canucks |
18 |
3 |
12 |
33 |
| Capitals |
11 |
9 |
10 |
30 |
|
1st period
1. Canucks , Oliver Ekman-Larsson 7 (J.T. Miller 45, Travis Hamonic 19) at 11:27 (PP)
2. Capitals , Blake Pietila 20 (Bobby Ryan 15, Cody Hodgson 27) at 12:05
3. Canucks , Lawson Crouse 18 (Alexander Kerfoot 56, J.T. Miller 46) at 14:42
Penalties :
Bobby Ryan (Was) for Tripping (Minor) at 10:57, Oliver Ekman-Larsson (Van) for Roughing (Minor) at 16:58, Beau Bennett (Van) for Interference (Minor) at 19:41
2nd period
No Goal
Penalties :
Tony DeAngelo (Van) for Cross-checking (Minor) at 8:39, Brandon Burlon (Was) for Interference (Minor) at 17:51
3rd period
4. Capitals , Nicklas Backstrom 20 (Patrick Kane 44, Mike Green 25) at 3:54
5. Capitals , Nicklas Backstrom 21 (Patrick Kane 45, Taylor Hall 53) at 14:56
6. Canucks , J.T. Miller 43 (Alexander Kerfoot 57, Lawson Crouse 23) at 16:34
7. Canucks , Alexander Kerfoot 20 (J.T. Miller 47, Lawson Crouse 24) at 18:04 (PP)
8. Canucks , Lawson Crouse 19 (J.T. Miller 48, Alexander Kerfoot 58) at 19:39 (PP)
Penalties :
Mike Green (Was) for Hooking (Minor) at 17:12, Mike Green (Was) for Hooking (Minor) at 18:41
Goalie Stats
Petr Mrazek (Van), 27 saves from 30 shots - (0.900), W, 36-22-6, 60:00 minutes
Chet Pickard (Was), 28 saves from 33 shots - (0.848), L, 2-6-0, 59:38 minutes
Players Stats for Canucks
Player Name G A P +/- PIM S H SB GA TA FO MP PP MP PK MP
------------------------------------------------------------------------------------
Alexander Edler 0 0 0 1 0 2 0 0 0 0 0/0 13:52 0:00 1:21
Alexander Kerfoot 1 3 4 1 0 5 2 1 1 0 19/35 20:35 3:17 0:00
Beau Bennett 0 0 0 -1 2 0 0 1 0 0 0/0 8:49 0:00 0:00
Ben Harpur 0 0 0 1 0 3 0 0 0 1 0/0 12:56 0:00 0:33
Chris Bourque 0 0 0 -1 0 3 2 0 0 0 0/0 11:27 0:00 0:31
Denis Gurianov 0 0 0 0 0 4 1 0 0 0 0/0 13:37 1:02 0:00
Derek Roy 0 0 0 -1 0 0 0 1 0 0 0/1 9:27 0:00 0:29
Gilbert Brule 0 0 0 -1 0 1 1 0 1 1 2/5 10:11 0:00 0:00
Ilya Kovalchuk 0 0 0 -1 0 2 2 1 0 0 0/0 10:11 0:00 0:00
J.T. Miller 1 4 5 1 0 6 3 1 1 0 5/6 24:51 3:17 3:34
Jordan Eberle 0 0 0 0 0 0 0 0 0 0 0/1 17:17 1:02 3:32
Lawson Crouse 2 2 4 1 0 3 1 1 0 0 0/1 22:29 3:17 1:54
Oliver Ekman-Larsson 1 0 1 1 2 1 3 1 0 3 0/0 28:33 3:21 2:21
Robert Nilsson 0 0 0 0 0 0 2 0 0 0 7/10 15:31 1:02 1:54
Teemu Hartikainen 0 0 0 -1 0 0 1 0 0 0 0/0 8:47 0:00 0:00
Tony DeAngelo 0 0 0 -3 2 1 1 1 0 0 0/0 18:23 0:58 2:15
Travis Hamonic 0 1 1 1 0 2 2 0 0 1 0/0 27:47 3:21 1:37
Tyler Myers 0 0 0 -3 0 0 1 1 0 1 0/0 19:17 0:58 3:47
Players Stats for Capitals
Player Name G A P +/- PIM S H SB GA TA FO MP PP MP PK MP
------------------------------------------------------------------------------------
Alexei Marchenko 0 0 0 0 0 1 1 0 1 0 0/0 18:53 0:00 2:44
Blake Pietila 1 0 1 1 0 5 2 0 0 0 1/1 15:56 2:35 0:17
Bobby Ryan 0 1 1 1 2 0 1 0 0 0 1/1 15:38 2:35 0:00
Brandon Burlon 0 0 0 0 2 0 1 3 0 0 0/0 11:06 0:00 0:00
Brandon Gormley 0 0 0 1 0 3 3 1 0 0 0/0 26:24 3:14 0:54
Cody Hodgson 0 1 1 1 0 2 0 3 0 1 4/9 15:59 2:35 0:20
Jeff Skinner 0 0 0 0 0 0 0 0 1 0 0/0 12:15 0:00 0:00
Joe Colborne 0 0 0 0 0 1 3 2 1 0 2/5 12:48 0:00 0:33
Jujhar Khaira 0 0 0 0 0 3 2 0 0 0 0/0 7:59 0:00 0:33
Marc Staal 0 0 0 0 0 1 0 1 0 1 0/0 22:29 2:43 3:25
Mike Green 0 1 1 1 4 1 2 1 0 1 0/0 27:12 3:14 1:35
Nicklas Backstrom 2 0 2 0 0 4 0 0 0 0 9/24 20:21 3:22 0:00
Patrick Kane 0 2 2 0 0 3 2 0 1 0 3/4 23:50 3:22 3:29
Phil Kessel 0 0 0 0 0 2 1 0 0 0 0/0 7:26 0:00 0:00
Sergey Kalinin 0 0 0 0 0 0 4 0 0 0 4/12 10:52 0:00 3:26
Shea Theodore 0 0 0 0 0 0 0 1 1 0 0/0 13:53 2:43 0:00
Steve Downie 0 0 0 0 0 0 0 1 1 0 0/1 12:15 0:00 0:00
Taylor Hall 0 1 1 0 0 4 0 1 1 0 2/2 20:21 3:22 0:00
3 Stars
1 - J.T. Miller (Van)
2 - Lawson Crouse (Van)
3 - Alexander Kerfoot (Van)
Power Play
Canucks - 3 on 4 Attempt(s) - 75.00%
Capitals - 0 on 3 Attempt(s) - 0.00%
Penalty Kill
Canucks - 3 on 3 Attempt(s) - 100.00%
- Score 0 goal in Penalty Kill
Capitals - 1 on 4 Attempt(s) - 25.00%
- Score 0 goal in Penalty Kill
Team Stat
Canucks - Hits : 22 - Faceoff Wins : 33 - Blocked Shots : 9 - Penalty Minutes : 6
Capitals - Hits : 22 - Faceoff Wins : 26 - Blocked Shots : 14 - Penalty Minutes : 8
Official
Referees : Gord Dwyer and Brian Pochmara
Linesman : Brad Kovachik and Devin Berg
Game Notes
No Game Note
Finance
Level 1 -- Attendance: 6000 (100.00%) -- Ticket Income $600,000
Level 2 -- Attendance: 5000 (100.00%) -- Ticket Income $300,000
Level 3 -- Attendance: 1896 (94.80%) -- Ticket Income $66,360
Level 4 -- Attendance: 4000 (100.00%) -- Ticket Income $100,000
Luxury Box -- Attendance: 930 (93.00%) -- Ticket Income $186,000
Game was played at the Capital One Arena.
Total Attendance: 17826 (99.03%)
Total Ticket Income: $1,252,360
Other Income: $187,854
Total Income: $1,440,214
Canucks
5 vs 5 Forward
Center Left Wing Right Wing Time % Phy DF OF
1 Alexander Kerfoot J.T. Miller Lawson Crouse 62 1 2 2
2 Robert Nilsson Denis Gurianov Jordan Eberle 26 1 2 2
3 Gilbert Brule Chris Bourque Ilya Kovalchuk 8 1 2 2
4 Derek Roy Teemu Hartikainen Beau Bennett 4 1 2 2
5 vs 5 Defense
Defense Defense Time % Phy DF OF
1 Oliver Ekman-Larsson Travis Hamonic 62 1 2 2
2 Tyler Myers Tony DeAngelo 25 1 2 2
3 Alexander Edler Ben Harpur 8 1 2 2
4 Oliver Ekman-Larsson Tony DeAngelo 5 1 2 2
PowerPlay Forward
Center Left Wing Right Wing Time % Phy DF OF
1 Alexander Kerfoot J.T. Miller Lawson Crouse 70 0 0 5
2 Robert Nilsson Denis Gurianov Jordan Eberle 30 0 0 5
PowerPlay Defense
Defense Defense Time % Phy DF OF
1 Oliver Ekman-Larsson Travis Hamonic 75 0 0 5
2 Tyler Myers Tony DeAngelo 25 0 0 5
Penalty Kill 4 Players Forward
Center Wing Time % Phy DF OF
1 J.T. Miller Jordan Eberle 60 1 2 2
2 Robert Nilsson Lawson Crouse 40 1 2 2
Penalty Kill 4 Players Defense
Defense Defense Time % Phy DF OF
1 Oliver Ekman-Larsson Tyler Myers 60 1 2 2
2 Travis Hamonic Tony DeAngelo 40 1 2 2
Penalty Kill - 3 Players Forward
Forward Time % Phy DF OF
1 J.T. Miller 60 1 2 2
2 Robert Nilsson 40 1 2 2
Penalty Kill - 3 Players Defense
Defense Defense Time % Phy DF OF
1 Oliver Ekman-Larsson Tyler Myers 60 1 2 2
2 Travis Hamonic Tony DeAngelo 40 1 2 2
4 vs 4 Forward
Center Wing Time % Phy DF OF
1 J.T. Miller Jordan Eberle 60 1 2 2
2 Robert Nilsson Lawson Crouse 40 1 2 2
4 vs 4 Defense
Defense Defense Time % Phy DF OF
1 Oliver Ekman-Larsson Travis Hamonic 60 1 2 2
2 Tyler Myers Tony DeAngelo 40 1 2 2
Last Minutes Offensive
Center Left Wing Right Wing Defense Defense
Alexander Kerfoot J.T. Miller Lawson Crouse Oliver Ekman-Larsson Travis Hamonic
Last Minutes Defensive
Center Left Wing Right Wing Defense Defense
Alexander Kerfoot J.T. Miller Jordan Eberle Oliver Ekman-Larsson Travis Hamonic
Goaltenders
Starting : Petr Mrazek
Backup : Matt Hackett
Extra Forwards
Normal : Gilbert Brule, Beau Bennett, Lawson Crouse - PP : Gilbert Brule, Beau Bennett - PK : Lawson Crouse
Extra Defensemen
Normal : Tony DeAngelo, Travis Hamonic, Alexander Edler - PP : Tony DeAngelo - PK : Tony DeAngelo, Alexander Edler
Penalty Shots
J.T. Miller, Jordan Eberle, Robert Nilsson, Denis Gurianov, Lawson Crouse
Custom OT Lines Forwards
J.T. Miller, Jordan Eberle, Lawson Crouse, Derek Roy, Ilya Kovalchuk, Gilbert Brule, Chris Bourque, Beau Bennett, Robert Nilsson, Teemu Hartikainen
Custom OT Lines Defensemen
Oliver Ekman-Larsson, Travis Hamonic, Tony DeAngelo, Tyler Myers, Alexander Edler
Scratches
None
Capitals
5 vs 5 Forward
Center Left Wing Right Wing Time % Phy DF OF
1 Nicklas Backstrom Taylor Hall Patrick Kane 40 0 1 4
2 Cody Hodgson Blake Pietila Bobby Ryan 30 0 1 4
3 Joe Colborne Jeff Skinner Steve Downie 20 0 2 3
4 Sergey Kalinin Jujhar Khaira Phil Kessel 10 0 2 3
5 vs 5 Defense
Defense Defense Time % Phy DF OF
1 Brandon Gormley Mike Green 40 0 2 3
2 Alexei Marchenko Marc Staal 30 0 3 2
3 Shea Theodore Brandon Burlon 20 0 3 2
4 Brandon Gormley Mike Green 10 0 3 2
PowerPlay Forward
Center Left Wing Right Wing Time % Phy DF OF
1 Nicklas Backstrom Taylor Hall Patrick Kane 60 0 0 5
2 Cody Hodgson Blake Pietila Bobby Ryan 40 0 0 5
PowerPlay Defense
Defense Defense Time % Phy DF OF
1 Brandon Gormley Mike Green 60 0 2 3
2 Marc Staal Shea Theodore 40 0 2 3
Penalty Kill 4 Players Forward
Center Wing Time % Phy DF OF
1 Sergey Kalinin Patrick Kane 60 0 3 2
2 Joe Colborne Jujhar Khaira 40 0 3 2
Penalty Kill 4 Players Defense
Defense Defense Time % Phy DF OF
1 Marc Staal Mike Green 60 0 4 1
2 Alexei Marchenko Brandon Gormley 40 0 4 1
Penalty Kill - 3 Players Forward
Forward Time % Phy DF OF
1 Taylor Hall 60 0 5 0
2 Patrick Kane 40 0 5 0
Penalty Kill - 3 Players Defense
Defense Defense Time % Phy DF OF
1 Marc Staal Mike Green 60 0 5 0
2 Brandon Gormley Alexei Marchenko 40 0 5 0
4 vs 4 Forward
Center Wing Time % Phy DF OF
1 Taylor Hall Patrick Kane 60 0 1 4
2 Nicklas Backstrom Bobby Ryan 40 0 1 4
4 vs 4 Defense
Defense Defense Time % Phy DF OF
1 Brandon Gormley Mike Green 60 0 2 3
2 Alexei Marchenko Marc Staal 40 0 3 2
Last Minutes Offensive
Center Left Wing Right Wing Defense Defense
Nicklas Backstrom Taylor Hall Patrick Kane Shea Theodore Mike Green
Last Minutes Defensive
Center Left Wing Right Wing Defense Defense
Nicklas Backstrom Taylor Hall Patrick Kane Marc Staal Mike Green
Goaltenders
Starting : Chet Pickard
Backup : Cory Schneider
Extra Forwards
Normal : Patrick Kane, Taylor Hall, Nicklas Backstrom - PP : Patrick Kane, Taylor Hall - PK : Patrick Kane
Extra Defensemen
Normal : Mike Green, Brandon Gormley, Alexei Marchenko - PP : Mike Green - PK : Marc Staal, Mike Green
Penalty Shots
Taylor Hall, Patrick Kane, Nicklas Backstrom, Bobby Ryan, Cody Hodgson
Custom OT Lines Forwards
Taylor Hall, Patrick Kane, Nicklas Backstrom, Bobby Ryan, Cody Hodgson, Blake Pietila, Jujhar Khaira, Steve Downie, Jeff Skinner, Phil Kessel
Custom OT Lines Defensemen
Brandon Gormley, Mike Green, Alexei Marchenko, Brandon Burlon, Shea Theodore
Scratches
None
% Time on Ice - Canucks
Lines # - Real PCT - Wanted PCT - Time Play
Normal Forward
1 - 37% - 62% - 18:11
2 - 25% - 26% - 12:35
3 - 20% - 8% - 10:11
4 - 18% - 4% - 8:47
Normal Defense
1 - 46% - 62% - 22:52
2 - 29% - 25% - 14:37
3 - 25% - 8% - 12:15
4 - 0% - 5% - 0:00
PP Forward
1 - 76% - 70% - 3:17
2 - 24% - 30% - 1:02
PP Defense
1 - 78% - 75% - 3:21
2 - 22% - 25% - 0:58
PK Forward
1 - 68% - 60% - 4:03
2 - 32% - 40% - 1:54
PK Defense
1 - 73% - 60% - 4:20
2 - 27% - 40% - 1:37
PK3 Forward
1 - 0% - 60%
2 - 0% - 40%
PK3 Defense
1 - 0% - 60%
2 - 0% - 40%
44 Forward
1 - 0% - 60%
2 - 0% - 40%
44 Defense
1 - 0% - 60%
2 - 0% - 40%
Last Minute Offensive - 0:00
Last Minute Defensive - 0:00
Total
Forward - 60:00
Defense - 60:00
|
% Time on Ice - Capitals
Lines # - Real PCT - Wanted PCT - Time Play
Normal Forward
1 - 34% - 40% - 16:59
2 - 26% - 30% - 13:04
3 - 25% - 20% - 12:15
4 - 15% - 10% - 7:26
Normal Defense
1 - 41% - 40% - 20:17
2 - 33% - 30% - 16:12
3 - 22% - 20% - 11:07
4 - 4% - 10% - 2:08
PP Forward
1 - 57% - 60% - 3:22
2 - 43% - 40% - 2:35
PP Defense
1 - 54% - 60% - 3:14
2 - 46% - 40% - 2:43
PK Forward
1 - 87% - 60% - 3:46
2 - 13% - 40% - 0:33
PK Defense
1 - 79% - 60% - 3:25
2 - 21% - 40% - 0:54
PK3 Forward
1 - 0% - 60%
2 - 0% - 40%
PK3 Defense
1 - 0% - 60%
2 - 0% - 40%
44 Forward
1 - 0% - 60%
2 - 0% - 40%
44 Defense
1 - 0% - 60%
2 - 0% - 40%
Last Minute Offensive - 0:00
Last Minute Defensive - 0:00
Total
Forward - 60:00
Defense - 60:00
|
Play-by-Play
1st period
0:01 of 1st period - Alexander Kerfoot wins face-off versus Nicklas Backstrom in neutral zone.
0:49 of 1st period - Wrist shot by Ilya Kovalchuk.
0:49 of 1st period - Shot Blocked by Marc Staal.
0:51 of 1st period - Snap shot by Ilya Kovalchuk.
0:51 of 1st period - Shot Blocked by Joe Colborne.
0:53 of 1st period - Slapshot by Alexander Edler.
0:53 of 1st period - Deflect By Alexei Marchenko.
0:53 of 1st period - Stopped by Chet Pickard with a rebound.
0:55 of 1st period - Snap shot by Alexander Edler.
0:55 of 1st period - Deflect By Chris Bourque.
0:55 of 1st period - Stopped by Chet Pickard with a rebound.
0:57 of 1st period - Wrist shot by Alexander Edler.
0:57 of 1st period - Stopped by Chet Pickard with a rebound.
0:59 of 1st period - Slapshot by Ben Harpur.
0:59 of 1st period - Stopped by Chet Pickard without a rebound.
1:00 of 1st period - Alexander Kerfoot wins face-off versus Sergey Kalinin in Capitals zone.
1:13 of 1st period - Oliver Ekman-Larsson is hit by Phil Kessel and loses puck.
1:48 of 1st period - Snap shot by Steve Downie.
1:48 of 1st period - Shot Misses the Net.
1:50 of 1st period - Slapshot by Marc Staal.
1:50 of 1st period - Stopped by Petr Mrazek with a rebound.
2:12 of 1st period - Oliver Ekman-Larsson is hit by Alexei Marchenko and loses puck.
2:19 of 1st period - Wrist shot by Blake Pietila.
2:19 of 1st period - Shot Blocked by Ilya Kovalchuk.
2:21 of 1st period - Slapshot by Brandon Burlon.
2:21 of 1st period - Deflect By Cody Hodgson.
2:21 of 1st period - Stopped by Petr Mrazek with a rebound.
4:45 of 1st period - Wrist shot by Robert Nilsson.
4:45 of 1st period - Deflect By Denis Gurianov.
4:45 of 1st period - Stopped by Chet Pickard with a rebound.
5:23 of 1st period - Travis Hamonic is hit by Mike Green.
5:55 of 1st period - Ben Harpur is hit by Sergey Kalinin.
5:59 of 1st period - Sergey Kalinin is hit by Teemu Hartikainen and loses puck.
6:15 of 1st period - Tyler Myers is hit by Jujhar Khaira.
6:19 of 1st period - Sergey Kalinin is hit by Oliver Ekman-Larsson and loses puck.
6:26 of 1st period - Jujhar Khaira is hit by Travis Hamonic and loses puck.
6:33 of 1st period - Oliver Ekman-Larsson is hit by Jujhar Khaira and loses puck.
6:44 of 1st period - Wrist shot by Jujhar Khaira.
6:44 of 1st period - Stopped by Petr Mrazek without a rebound.
6:45 of 1st period - Nicklas Backstrom wins face-off versus Alexander Kerfoot in Canucks zone.
6:46 of 1st period - Wrist shot by Taylor Hall.
6:46 of 1st period - Stopped by Petr Mrazek without a rebound.
6:47 of 1st period - Nicklas Backstrom wins face-off versus Alexander Kerfoot in Canucks zone.
7:27 of 1st period - Snap shot by Denis Gurianov.
7:27 of 1st period - Stopped by Chet Pickard with a rebound.
8:15 of 1st period - Slapshot by Ilya Kovalchuk.
8:15 of 1st period - Shot Blocked by Joe Colborne.
8:17 of 1st period - Slapshot by Alexander Edler.
8:17 of 1st period - Shot Misses the Net.
8:19 of 1st period - Slapshot by Alexander Edler.
8:19 of 1st period - Shot Blocked by Brandon Gormley.
8:51 of 1st period - Snap shot by Chris Bourque.
8:51 of 1st period - Stopped by Chet Pickard with a rebound.
8:53 of 1st period - Slapshot by Ben Harpur.
8:53 of 1st period - Stopped by Chet Pickard with a rebound.
8:55 of 1st period - Wrist shot by Ilya Kovalchuk.
8:55 of 1st period - Stopped by Chet Pickard with a rebound.
9:03 of 1st period - Slapshot by Gilbert Brule.
9:03 of 1st period - Stopped by Chet Pickard with a rebound.
9:05 of 1st period - Slapshot by Ben Harpur.
9:05 of 1st period - Shot Blocked by Steve Downie.
9:07 of 1st period - Wrist shot by Ilya Kovalchuk.
9:07 of 1st period - Shot Misses the Net.
9:09 of 1st period - Snap shot by Ilya Kovalchuk.
9:09 of 1st period - Stopped by Chet Pickard with a rebound.
9:11 of 1st period - Slapshot by Ben Harpur.
9:11 of 1st period - Stopped by Chet Pickard without a rebound.
9:12 of 1st period - Patrick Kane wins face-off versus Alexander Kerfoot in Capitals zone.
9:23 of 1st period - Slapshot by Nicklas Backstrom.
9:23 of 1st period - Stopped by Petr Mrazek with a rebound.
9:25 of 1st period - Wrist shot by Alexei Marchenko.
9:25 of 1st period - Stopped by Petr Mrazek with a rebound.
9:39 of 1st period - Blake Pietila is hit by Robert Nilsson and loses puck.
10:24 of 1st period - Wrist shot by J.T. Miller.
10:24 of 1st period - Shot Blocked by Brandon Burlon.
10:33 of 1st period - Icing by Brandon Burlon.
10:34 of 1st period - Robert Nilsson wins face-off versus Cody Hodgson in Capitals zone.
10:57 of 1st period - Minor Penalty to Bobby Ryan for Tripping.
10:58 of 1st period - Alexander Kerfoot wins face-off versus Sergey Kalinin in Capitals zone.
11:13 of 1st period - Wrist shot by Alexander Kerfoot.
11:13 of 1st period - Stopped by Chet Pickard without a rebound.
11:14 of 1st period - Sergey Kalinin wins face-off versus Lawson Crouse in Capitals zone.
11:27 of 1st period - Slapshot by Oliver Ekman-Larsson.
11:27 of 1st period - Goal by Oliver Ekman-Larsson - Canucks : 1 - Capitals : 0.
11:28 of 1st period - Alexander Kerfoot wins face-off versus Nicklas Backstrom in neutral zone.
12:01 of 1st period - Slapshot by Brandon Gormley.
12:01 of 1st period - Deflect By Cody Hodgson.
12:01 of 1st period - Shot Misses the Net.
12:01 of 1st period - Puck is out of play.
12:02 of 1st period - Cody Hodgson wins face-off versus Alexander Kerfoot in Canucks zone.
12:05 of 1st period - Wrist shot by Blake Pietila.
12:05 of 1st period - Goal by Blake Pietila - Canucks : 1 - Capitals : 1.
12:06 of 1st period - Nicklas Backstrom wins face-off versus Alexander Kerfoot in neutral zone.
12:21 of 1st period - Wrist shot by Nicklas Backstrom.
12:21 of 1st period - Stopped by Petr Mrazek without a rebound.
12:22 of 1st period - Alexander Kerfoot wins face-off versus Cody Hodgson in Canucks zone.
12:49 of 1st period - Taylor Hall is hit by Ilya Kovalchuk and loses puck.
12:54 of 1st period - Snap shot by Chris Bourque.
12:54 of 1st period - Stopped by Chet Pickard without a rebound.
12:55 of 1st period - Patrick Kane wins face-off versus Alexander Kerfoot in Capitals zone.
13:25 of 1st period - Slapshot by Robert Nilsson.
13:25 of 1st period - Deflect By Denis Gurianov.
13:25 of 1st period - Stopped by Chet Pickard with a rebound.
13:33 of 1st period - Jordan Eberle is hit by Brandon Gormley and loses puck.
14:42 of 1st period - Snap shot by Lawson Crouse.
14:42 of 1st period - Goal by Lawson Crouse - Canucks : 2 - Capitals : 1.
14:43 of 1st period - Alexander Kerfoot wins face-off versus Nicklas Backstrom in neutral zone.
14:48 of 1st period - Snap shot by Alexander Kerfoot.
14:48 of 1st period - Shot Blocked by Mike Green.
14:59 of 1st period - Snap shot by Patrick Kane.
14:59 of 1st period - Stopped by Petr Mrazek with a rebound.
15:39 of 1st period - Wrist shot by Jujhar Khaira.
15:39 of 1st period - Stopped by Petr Mrazek without a rebound.
15:40 of 1st period - Alexander Kerfoot wins face-off versus Nicklas Backstrom in Canucks zone.
15:40 of 1st period - Alexander Kerfoot is hit by Patrick Kane.
15:52 of 1st period - Alexei Marchenko is hit by J.T. Miller and loses puck.
16:16 of 1st period - Snap shot by Denis Gurianov.
16:16 of 1st period - Stopped by Chet Pickard with a rebound.
16:58 of 1st period - Minor Penalty to Oliver Ekman-Larsson for Roughing.
16:59 of 1st period - J.T. Miller wins face-off versus Nicklas Backstrom in Canucks zone.
17:29 of 1st period - J.T. Miller is hit by Bobby Ryan and loses puck.
17:36 of 1st period - Wrist shot by Blake Pietila.
17:36 of 1st period - Stopped by Petr Mrazek without a rebound.
17:37 of 1st period - J.T. Miller wins face-off versus Nicklas Backstrom in Canucks zone.
18:15 of 1st period - Wrist shot by Cody Hodgson.
18:15 of 1st period - Shot Misses the Net.
18:50 of 1st period - Marc Staal is hit by Chris Bourque and loses puck.
18:58 of 1st period - Penalty to Oliver Ekman-Larsson is over, Oliver Ekman-Larsson is back on ice.
19:34 of 1st period - Off-side.
19:35 of 1st period - Sergey Kalinin wins face-off versus Derek Roy in neutral zone.
19:41 of 1st period - Minor Penalty to Beau Bennett for Interference.
19:42 of 1st period - J.T. Miller wins face-off versus Nicklas Backstrom in Canucks zone.
Goals for this period are 2 for Canucks vs 1 for Capitals.
Shots for this period are 18 for Canucks vs 11 for Capitals.
2nd period
0:01 of 2nd period - Nicklas Backstrom wins face-off versus J.T. Miller in neutral zone.
0:12 of 2nd period - Snap shot by Patrick Kane.
0:12 of 2nd period - Shot Misses the Net.
0:14 of 2nd period - Slapshot by Nicklas Backstrom.
0:14 of 2nd period - Shot Hit the Post.
0:16 of 2nd period - Slapshot by Brandon Gormley.
0:16 of 2nd period - Shot Blocked by Oliver Ekman-Larsson.
0:26 of 2nd period - Cody Hodgson is hit by Lawson Crouse and loses puck.
0:37 of 2nd period - Snap shot by Bobby Ryan.
0:37 of 2nd period - Shot Blocked by Lawson Crouse.
1:41 of 2nd period - Penalty to Beau Bennett is over, Beau Bennett is back on ice.
1:55 of 2nd period - Ben Harpur is hit by Brandon Gormley and loses puck.
2:19 of 2nd period - Slapshot by Beau Bennett.
2:19 of 2nd period - Shot Misses the Net.
2:31 of 2nd period - Travis Hamonic is hit by Brandon Burlon and loses puck.
2:54 of 2nd period - Joe Colborne is hit by Robert Nilsson and loses puck.
3:07 of 2nd period - Blake Pietila is hit by Oliver Ekman-Larsson and loses puck.
3:14 of 2nd period - Bobby Ryan is hit by Chris Bourque and loses puck.
3:58 of 2nd period - Jeff Skinner is hit by Alexander Kerfoot and loses puck.
4:28 of 2nd period - Icing by Brandon Gormley.
4:29 of 2nd period - Sergey Kalinin wins face-off versus Gilbert Brule in Capitals zone.
5:19 of 2nd period - Snap shot by Blake Pietila.
5:19 of 2nd period - Shot Misses the Net.
5:58 of 2nd period - J.T. Miller is hit by Sergey Kalinin and loses puck.
6:05 of 2nd period - Travis Hamonic is hit by Sergey Kalinin and loses puck.
6:22 of 2nd period - Slapshot by Patrick Kane.
6:22 of 2nd period - Stopped by Petr Mrazek with a rebound.
6:24 of 2nd period - Snap shot by Patrick Kane.
6:24 of 2nd period - Shot Misses the Net.
6:30 of 2nd period - Wrist shot by Taylor Hall.
6:30 of 2nd period - Stopped by Petr Mrazek without a rebound.
6:31 of 2nd period - Robert Nilsson wins face-off versus Nicklas Backstrom in Canucks zone.
6:58 of 2nd period - Marc Staal is hit by Tyler Myers and loses puck.
7:11 of 2nd period - Alexei Marchenko is hit by Ilya Kovalchuk and loses puck.
7:30 of 2nd period - Beau Bennett is hit by Joe Colborne and loses puck.
7:45 of 2nd period - Ben Harpur is hit by Brandon Gormley and loses puck.
8:04 of 2nd period - Oliver Ekman-Larsson is hit by Mike Green and loses puck.
8:29 of 2nd period - Wrist shot by Cody Hodgson.
8:29 of 2nd period - Shot Misses the Net.
8:39 of 2nd period - Minor Penalty to Tony DeAngelo for Cross-checking.
8:40 of 2nd period - J.T. Miller wins face-off versus Nicklas Backstrom in Canucks zone.
9:16 of 2nd period - Icing by Cody Hodgson.
9:17 of 2nd period - Robert Nilsson wins face-off versus Nicklas Backstrom in Capitals zone.
9:26 of 2nd period - Snap shot by Lawson Crouse.
9:26 of 2nd period - Stopped by Chet Pickard with a rebound.
9:44 of 2nd period - Alexander Edler is hit by Blake Pietila.
10:39 of 2nd period - Penalty to Tony DeAngelo is over, Tony DeAngelo is back on ice.
11:00 of 2nd period - Joe Colborne is hit by J.T. Miller and loses puck.
11:13 of 2nd period - Chris Bourque is hit by Sergey Kalinin and loses puck.
11:20 of 2nd period - Slapshot by Jujhar Khaira.
11:20 of 2nd period - Deflect By Phil Kessel.
11:20 of 2nd period - Stopped by Petr Mrazek without a rebound.
11:21 of 2nd period - Robert Nilsson wins face-off versus Cody Hodgson in Canucks zone.
11:27 of 2nd period - Icing by Alexei Marchenko.
11:28 of 2nd period - Cody Hodgson wins face-off versus Robert Nilsson in Capitals zone.
12:11 of 2nd period - Snap shot by Blake Pietila.
12:11 of 2nd period - Stopped by Petr Mrazek without a rebound.
12:12 of 2nd period - Taylor Hall wins face-off versus Alexander Kerfoot in Canucks zone.
12:21 of 2nd period - Taylor Hall is hit by Oliver Ekman-Larsson and loses puck.
12:31 of 2nd period - Icing by Taylor Hall.
12:32 of 2nd period - Patrick Kane wins face-off versus Gilbert Brule in Capitals zone.
12:41 of 2nd period - Slapshot by Brandon Gormley.
12:41 of 2nd period - Stopped by Petr Mrazek with a rebound.
12:43 of 2nd period - Wrist shot by Steve Downie.
12:43 of 2nd period - Shot Misses the Net.
12:45 of 2nd period - Snap shot by Joe Colborne.
12:45 of 2nd period - Shot Misses the Net.
12:47 of 2nd period - Slapshot by Brandon Gormley.
12:47 of 2nd period - Stopped by Petr Mrazek with a rebound.
12:49 of 2nd period - Snap shot by Jeff Skinner.
12:49 of 2nd period - Shot Misses the Net.
12:59 of 2nd period - Nicklas Backstrom is hit by Alexander Kerfoot.
13:09 of 2nd period - Wrist shot by J.T. Miller.
13:09 of 2nd period - Shot Misses the Net.
13:45 of 2nd period - Slapshot by Brandon Gormley.
13:45 of 2nd period - Shot Misses the Net.
14:14 of 2nd period - Teemu Hartikainen is hit by Patrick Kane and loses puck.
14:25 of 2nd period - Brandon Burlon is hit by Travis Hamonic and loses puck.
14:30 of 2nd period - Snap shot by Alexander Kerfoot.
14:30 of 2nd period - Stopped by Chet Pickard with a rebound.
14:32 of 2nd period - Wrist shot by Alexander Kerfoot.
14:32 of 2nd period - Deflect By J.T. Miller.
14:32 of 2nd period - Shot Blocked by Brandon Burlon.
14:32 of 2nd period - Puck is out of play.
14:33 of 2nd period - Blake Pietila wins face-off versus Alexander Kerfoot in Capitals zone.
14:48 of 2nd period - Snap shot by J.T. Miller.
14:48 of 2nd period - Deflect By Alexander Kerfoot.
14:48 of 2nd period - Shot Blocked by Cody Hodgson.
14:48 of 2nd period - Puck is out of play.
14:49 of 2nd period - Alexander Kerfoot wins face-off versus Nicklas Backstrom in Capitals zone.
14:58 of 2nd period - Wrist shot by Alexander Kerfoot.
14:58 of 2nd period - Deflect By J.T. Miller.
14:58 of 2nd period - Shot Blocked by Taylor Hall.
14:58 of 2nd period - Puck is out of play.
14:59 of 2nd period - Nicklas Backstrom wins face-off versus Alexander Kerfoot in Capitals zone.
16:14 of 2nd period - Snap shot by Taylor Hall.
16:14 of 2nd period - Stopped by Petr Mrazek with a rebound.
16:16 of 2nd period - Slapshot by Taylor Hall.
16:16 of 2nd period - Shot Blocked by Alexander Kerfoot.
16:18 of 2nd period - Slapshot by Mike Green.
16:18 of 2nd period - Stopped by Petr Mrazek with a rebound.
16:20 of 2nd period - Slapshot by Taylor Hall.
16:20 of 2nd period - Deflect By Patrick Kane.
16:20 of 2nd period - Shot Misses the Net.
16:20 of 2nd period - Puck is out of play.
16:21 of 2nd period - Robert Nilsson wins face-off versus Cody Hodgson in Canucks zone.
16:26 of 2nd period - Snap shot by Jordan Eberle.
16:26 of 2nd period - Shot Blocked by Cody Hodgson.
16:28 of 2nd period - Slapshot by Tony DeAngelo.
16:28 of 2nd period - Deflect By Marc Staal.
16:28 of 2nd period - Stopped by Chet Pickard with a rebound.
16:48 of 2nd period - Ilya Kovalchuk is hit by Joe Colborne and loses puck.
17:23 of 2nd period - Wrist shot by Jujhar Khaira.
17:23 of 2nd period - Deflect By Phil Kessel.
17:23 of 2nd period - Stopped by Petr Mrazek with a rebound.
17:51 of 2nd period - Minor Penalty to Brandon Burlon for Interference.
17:52 of 2nd period - J.T. Miller wins face-off versus Sergey Kalinin in Capitals zone.
18:36 of 2nd period - Icing by Lawson Crouse.
18:37 of 2nd period - Alexander Kerfoot wins face-off versus Cody Hodgson in Canucks zone.
18:41 of 2nd period - Off-side.
18:42 of 2nd period - Alexander Kerfoot wins face-off versus Sergey Kalinin in neutral zone.
19:51 of 2nd period - Penalty to Brandon Burlon is over, Brandon Burlon is back on ice.
Goals for this period are 0 for Canucks vs 0 for Capitals.
Shots for this period are 3 for Canucks vs 9 for Capitals.
3rd period
0:01 of 3rd period - Nicklas Backstrom wins face-off versus Alexander Kerfoot in neutral zone.
0:26 of 3rd period - Robert Nilsson is hit by Blake Pietila and loses puck.
0:47 of 3rd period - Slapshot by Travis Hamonic.
0:47 of 3rd period - Stopped by Chet Pickard with a rebound.
1:05 of 3rd period - Icing by Chris Bourque.
1:06 of 3rd period - Taylor Hall wins face-off versus Gilbert Brule in Canucks zone.
1:15 of 3rd period - Icing by Mike Green.
1:16 of 3rd period - Alexander Kerfoot wins face-off versus Nicklas Backstrom in Capitals zone.
2:02 of 3rd period - Off-side.
2:03 of 3rd period - Gilbert Brule wins face-off versus Joe Colborne in neutral zone.
2:51 of 3rd period - Snap shot by Robert Nilsson.
2:51 of 3rd period - Shot Blocked by Shea Theodore.
2:53 of 3rd period - Slapshot by Ben Harpur.
2:53 of 3rd period - Shot Blocked by Brandon Burlon.
3:01 of 3rd period - Wrist shot by Robert Nilsson.
3:01 of 3rd period - Shot Blocked by Cody Hodgson.
3:03 of 3rd period - Wrist shot by Denis Gurianov.
3:03 of 3rd period - Shot Misses the Net.
3:54 of 3rd period - Backhand shot by Nicklas Backstrom.
3:54 of 3rd period - Goal by Nicklas Backstrom - Canucks : 2 - Capitals : 2.
3:55 of 3rd period - Nicklas Backstrom wins face-off versus Alexander Kerfoot in neutral zone.
4:05 of 3rd period - Snap shot by J.T. Miller.
4:05 of 3rd period - Stopped by Chet Pickard with a rebound.
4:18 of 3rd period - Icing by Mike Green.
4:19 of 3rd period - Robert Nilsson wins face-off versus Nicklas Backstrom in Capitals zone.
4:38 of 3rd period - Wrist shot by Patrick Kane.
4:38 of 3rd period - Shot Misses the Net.
4:58 of 3rd period - Wrist shot by Blake Pietila.
4:58 of 3rd period - Stopped by Petr Mrazek without a rebound.
4:59 of 3rd period - Cody Hodgson wins face-off versus Jordan Eberle in Canucks zone.
5:18 of 3rd period - Slapshot by Blake Pietila.
5:18 of 3rd period - Stopped by Petr Mrazek without a rebound.
5:19 of 3rd period - Alexander Kerfoot wins face-off versus Nicklas Backstrom in Canucks zone.
5:29 of 3rd period - Icing by Taylor Hall.
5:30 of 3rd period - Nicklas Backstrom wins face-off versus Alexander Kerfoot in Capitals zone.
5:45 of 3rd period - Snap shot by Patrick Kane.
5:45 of 3rd period - Stopped by Petr Mrazek with a rebound.
5:47 of 3rd period - Wrist shot by Taylor Hall.
5:47 of 3rd period - Deflect By Nicklas Backstrom.
5:47 of 3rd period - Shot Blocked by J.T. Miller.
5:47 of 3rd period - Puck is out of play.
5:48 of 3rd period - Cody Hodgson wins face-off versus Alexander Kerfoot in Canucks zone.
5:59 of 3rd period - Snap shot by Cody Hodgson.
5:59 of 3rd period - Shot Misses the Net.
6:19 of 3rd period - Patrick Kane is hit by Denis Gurianov and loses puck.
7:27 of 3rd period - Slapshot by Nicklas Backstrom.
7:27 of 3rd period - Shot Blocked by Beau Bennett.
7:29 of 3rd period - Snap shot by Taylor Hall.
7:29 of 3rd period - Stopped by Petr Mrazek without a rebound.
7:30 of 3rd period - Bobby Ryan wins face-off versus Alexander Kerfoot in Canucks zone.
7:31 of 3rd period - Snap shot by Cody Hodgson.
7:31 of 3rd period - Stopped by Petr Mrazek with a rebound.
7:45 of 3rd period - Wrist shot by Alexander Kerfoot.
7:45 of 3rd period - Stopped by Chet Pickard with a rebound.
7:56 of 3rd period - Icing by Marc Staal.
7:57 of 3rd period - Joe Colborne wins face-off versus Robert Nilsson in Capitals zone.
8:37 of 3rd period - Cody Hodgson is hit by Tony DeAngelo and loses puck.
10:03 of 3rd period - Wrist shot by Robert Nilsson.
10:03 of 3rd period - Shot Misses the Net.
10:39 of 3rd period - Wrist shot by Joe Colborne.
10:39 of 3rd period - Stopped by Petr Mrazek without a rebound.
10:40 of 3rd period - Joe Colborne wins face-off versus Alexander Kerfoot in Canucks zone.
12:01 of 3rd period - Wrist shot by Jujhar Khaira.
12:01 of 3rd period - Stopped by Petr Mrazek with a rebound.
13:48 of 3rd period - Wrist shot by Nicklas Backstrom.
13:48 of 3rd period - Shot Blocked by Tyler Myers.
14:15 of 3rd period - Snap shot by Jeff Skinner.
14:15 of 3rd period - Shot Misses the Net.
14:52 of 3rd period - Snap shot by Patrick Kane.
14:52 of 3rd period - Shot Blocked by Derek Roy.
14:54 of 3rd period - Snap shot by Nicklas Backstrom.
14:54 of 3rd period - Shot Blocked by Tony DeAngelo.
14:56 of 3rd period - Snap shot by Nicklas Backstrom.
14:56 of 3rd period - Goal by Nicklas Backstrom - Canucks : 2 - Capitals : 3.
14:57 of 3rd period - Nicklas Backstrom wins face-off versus Robert Nilsson in neutral zone.
15:38 of 3rd period - Slapshot by Brandon Gormley.
15:38 of 3rd period - Stopped by Petr Mrazek without a rebound.
15:39 of 3rd period - Gilbert Brule wins face-off versus Joe Colborne in Canucks zone.
16:07 of 3rd period - Blake Pietila is hit by Gilbert Brule and loses puck.
16:34 of 3rd period - Wrist shot by J.T. Miller.
16:34 of 3rd period - Goal by J.T. Miller - Canucks : 3 - Capitals : 3.
16:35 of 3rd period - Alexander Kerfoot wins face-off versus Nicklas Backstrom in neutral zone.
16:38 of 3rd period - Taylor Hall is hit by J.T. Miller and loses puck.
17:12 of 3rd period - Minor Penalty to Mike Green for Hooking.
17:13 of 3rd period - Alexander Kerfoot wins face-off versus Sergey Kalinin in Capitals zone.
17:13 of 3rd period - Wrist shot by J.T. Miller.
17:13 of 3rd period - Stopped by Chet Pickard with a rebound.
17:15 of 3rd period - Snap shot by Lawson Crouse.
17:15 of 3rd period - Deflect By Alexander Kerfoot.
17:15 of 3rd period - Stopped by Chet Pickard without a rebound.
17:16 of 3rd period - Sergey Kalinin wins face-off versus Alexander Kerfoot in Capitals zone.
17:40 of 3rd period - Icing by Oliver Ekman-Larsson.
17:41 of 3rd period - Alexander Kerfoot wins face-off versus Sergey Kalinin in Canucks zone.
18:02 of 3rd period - Wrist shot by J.T. Miller.
18:02 of 3rd period - Stopped by Chet Pickard with a rebound.
18:04 of 3rd period - Snap shot by Alexander Kerfoot.
18:04 of 3rd period - Goal by Alexander Kerfoot - Canucks : 4 - Capitals : 3.
18:05 of 3rd period - Alexander Kerfoot wins face-off versus Patrick Kane in neutral zone.
18:08 of 3rd period - Snap shot by J.T. Miller.
18:08 of 3rd period - Stopped by Chet Pickard with a rebound.
18:20 of 3rd period - Capitals, Chet Pickard is pulled from the net.
18:32 of 3rd period - Jordan Eberle is hit by Joe Colborne.
18:41 of 3rd period - Minor Penalty to Mike Green for Hooking.
18:42 of 3rd period - Chet Pickard from Capitals was sent back in the game.
18:42 of 3rd period - Alexander Kerfoot wins face-off versus Sergey Kalinin in Capitals zone.
18:56 of 3rd period - Slapshot by Travis Hamonic.
18:56 of 3rd period - Deflect By Marc Staal.
18:56 of 3rd period - Stopped by Chet Pickard without a rebound.
18:57 of 3rd period - Jacques Lemaire call a timeout for Capitals.
18:57 of 3rd period - Alexander Kerfoot wins face-off versus Sergey Kalinin in Capitals zone.
19:14 of 3rd period - Snap shot by J.T. Miller.
19:14 of 3rd period - Stopped by Chet Pickard with a rebound.
19:29 of 3rd period - Off-side.
19:30 of 3rd period - Alexander Kerfoot wins face-off versus Joe Colborne in neutral zone.
19:39 of 3rd period - Wrist shot by Lawson Crouse.
19:39 of 3rd period - Goal by Lawson Crouse - Canucks : 5 - Capitals : 3.
19:40 of 3rd period - Robert Nilsson wins face-off versus Steve Downie in neutral zone.
Goals for this period are 3 for Canucks vs 2 for Capitals.
Shots for this period are 12 for Canucks vs 10 for Capitals.